Construct Section Command Post
Selects Australian Defense Battlegroup
Selects Australian Light Infantry Section
Australian Light Infantry Section
Construct Field Infirmary
Construct Platoon Command Post
Selects Defensive Tactics
Selects CMP 15cwt Supply Run
6-pounder Anti-tank Gun Team
Construct Company Command Post
Selects Reinforced Resource Caches
Unlock M3 Grant Medium Tanks
Selects Archer Tank Destroyer
Unlock Bishop Self-propelled Artillery
Bishop Self-propelled Artillery
6-pounder Anti-tank Gun Team
Bishop Self-propelled Artillery